cohdb
Replays
Latest Replays
All Replays
Popular Replays
Top Player Replays
Match Explorer
How It Works
Community
CoH3 Stats
Reddit
Sign in to upload your games and track your stats! →
Sign in with Steam
Match 41101806
Unlisted
Match 41101806
Overview
Messages
Build Orders
End
Pioneer Squad
Construct Infanterie Kompanie
Grenadier Squad
Selects Breakthrough Battlegroup
MG 42 Machine Gun Team
Grenadier Squad
Sniper
Medical Bunker
Construct Panzergrenadier Kompanie
Panzergrenadier Squad
Selects Rapid Production
Selects Blitzkrieg
Support Elements
StuG III G Assault Gun
Nebelwerfer 42 Rocket Launcher Team
Panzergrenadier Squad
Sniper
Panzergrenadier Squad
StuG III G Assault Gun
Selects Tiger Heavy Tank
Tiger Heavy Tank
Selects Assault Grenadiers
Selects Smoke Bombing Run
Pioneer Squad
Nomissa
Insane Zjoekov
BamboneWertherone ITA
Born to Coom
0
0
Comments
sign in to comment!
No comments posted yet!